 Dungeon Crawl Stone Soup version 0.19.5 (webtiles) character file.

8520 sankara the Cruncher (level 11, 0/101 HPs)
             Began as a Minotaur Gladiator on Mar 26, 2017.
             Was a High Priest of Okawaru.
             Killed from afar by an electric eel (5 damage)
             ... with a bolt of electricity
             ... on level 10 of the Dungeon.
             The game lasted 00:32:10 (9956 turns).

sankara the Cruncher (Minotaur Gladiator)           Turns: 9956, Time: 00:32:11

Health: 0/101      AC: 26    Str: 26    XL:     11   Next: 11%
Magic:  10/10      EV: 15    Int:  5    God:    Okawaru [*****.]
Gold:   579        SH:  0    Dex: 18    Spells: 0 memorised, 10 levels left

rFire  . . .     SeeInvis .     a - +2 quarterstaff (protect)
rCold  + . .     Gourm    .     G - +0 plate armour
rNeg   . . .     Faith    .     (shield currently unavailable)
rPois  +         Spirit   .     c - +0 hat
rElec  .         Reflect  .     W - +2 cloak
rCorr  .         Harm     .     I - +0 pair of gloves
MR     +....                    K - +1 pair of boots of the Farrier {rPois Str+5 Stlth-}
Stlth  ..........               L - amulet of magic regeneration
                                v - +5 ring of dexterity
                                E - ring of protection from cold

@: confused, heroism, corroded, protection aura
A: retaliatory headbutt, horns 2, talons 1, magic resistance 1
a: Heroism, Finesse, Renounce Religion


You were on level 10 of the Dungeon.
You worshipped Okawaru.
Okawaru was extremely pleased with you.
You were not hungry.

You visited 2 branches of the dungeon, and saw 11 of its levels.

You collected 635 gold pieces.
You spent 56 gold pieces at shops.

Inventory:

Hand Weapons
 a - a +2 quarterstaff of protection (weapon)
Missiles
 d - 3 throwing nets (quivered)
Armour
 c - a +0 hat (worn)
 G - a +0 plate armour (worn)
 I - a +0 pair of gloves (worn)
 K - the +1 pair of boots of the Farrier (worn) {rPois Str+5 Stlth-}
   (You found it on level 7 of the Dungeon)

   It affects your strength (+5).
   It protects you from poison.
   It makes you less stealthy.
 W - a +2 cloak (worn)
Magical Staves
 b - an uncursed staff of power
 z - an uncursed staff of wizardry
 N - an uncursed staff of summoning
 P - an uncursed staff of poison
Jewellery
 g - an uncursed ring of magical power
 v - a +5 ring of dexterity (right hand)
 x - an uncursed ring of poison resistance
 E - a ring of protection from cold (left hand)
 F - an uncursed ring of see invisible
 L - an amulet of magic regeneration (around neck)
Wands
 p - a wand of disintegration (14/24)
 s - a wand of confusion (19/48)
 A - a wand of iceblast (3/15)
 Q - a wand of acid (4/15)
 U - a wand of random effects (21/48)
 X - a wand of acid (4/15)
Scrolls
 e - 5 scrolls of remove curse
 h - 11 scrolls of identify
 i - 4 scrolls of fog {unknown}
 k - a scroll of noise {unknown}
 l - a scroll of immolation {unknown}
 q - 3 scrolls of enchant weapon {unknown}
 y - 3 scrolls of teleportation {unknown}
 H - a scroll of random uselessness {unknown}
 M - 3 scrolls of enchant armour {unknown}
Potions
 t - 5 potions of curing
 u - a potion of agility
 D - a potion of might
 R - 2 potions of magic {unknown}
 S - a potion of flight {unknown}
Books
 B - a book of Changes

   Spells                             Type                      Level
   a - Beastly Appendage              Transmutation                1
   b - Sticks to Snakes               Transmutation                2
   c - Spider Form                    Transmutation/Poison         3
   d - Ice Form                       Ice/Transmutation            4
   e - Blade Hands                    Transmutation                5
 J - a book of Misfortune

   Spells                             Type                      Level
   a - Confusing Touch                Hexes                        1
   b - Confuse                        Hexes                        3
   c - Gell's Gravitas                Hexes/Translocation          3
   d - Petrify                        Transmutation/Earth          4
   e - Metabolic Englaciation         Hexes/Ice                    5
   f - Yara's Violent Unravelling     Hexes/Transmutation          5
 T - a book of Cantrips

   Spells                             Type                      Level
   a - Confusing Touch                Hexes                        1
   b - Animate Skeleton               Necromancy                   1
   c - Summon Small Mammal            Summoning                    1
   d - Apportation                    Translocation                1
Comestibles
 f - 5 bread rations
 j - 8 fruits
 n - 6 meat rations
 o - 2 slices of pizza
 r - 10 royal jellies
 w - 2 chunks of flesh
 C - 5 beef jerkies


   Skills:
 + Level 10.8(15.8) Fighting
 - Level 14.2(19.2) Staves
 - Level 2.0(7.0) Throwing
 + Level 7.1(12.1) Armour
 + Level 7.2(12.2) Dodging
 + Level 1.2 Invocations


You had 10 spell levels left.
You didn't know any spells.

Dungeon Overview and Level Annotations

Branches:
Dungeon (10/15)            Temple (1/1) D:5
   Lair: D:8-11         Orc: D:9-12

Altars:
Ashenzari
Cheibriados
Dithmenos
Elyvilon
Fedhas
Gozag
Hepliaklqana
Kikubaaqudgha
Makhleb
Nemelex Xobeh
Okawaru
Qazlal
Ru
Sif Muna
Trog
Uskayaw
Vehumet
Xom
Yredelemnul
Zin
The Shining One

Shops:
D:5 }   D:6 !   D:7 (


Innate Abilities, Weirdness & Mutations

You reflexively headbutt those who attack you in melee.
You have a pair of horns on your head.
You have sharp toenails.
You are resistant to hostile enchantments. (MR+)


Message History

The electric eel shoots out a bolt of lightning at you!
The bolt of electricity hits you!
The bolt of electricity hits the plant. x2
The big kobold throws a stone.
The stone hits you but does no damage.
The electric eel shoots out a bolt of lightning at you!
The bolt of electricity hits you!
* * * LOW HITPOINT WARNING * * *
The bolt of electricity hits the electric eel.
The electric eel completely resists.
You see here a stone.
You sock the electric eel!
Your weapon exudes an aura of protection.
You kill the electric eel!
Okawaru accepts your kill.
The big kobold throws a stone.
The stone hits you but does no damage.
The electric eel shoots out a bolt of lightning at you!
The bolt of electricity hits you!
* * * LOW HITPOINT WARNING * * *
The electric eel shoots out a bolt of lightning at you!
The bolt of electricity hits the plant.
The bolt of electricity hits you!
You die...

##########.....# #......#....##.#
...#######.#.######...(...##.##.#
...##................####.#..##.#
......##.......######.###.).###.#
..........######≈≈..'..###..###.#
...###...######≈#####..###(...#.#
...<..(.##....≈##≈;≈##..##(##.#.#
....#..##≈######≈≈.≈≈#.<...##.[.#
#..##..#≈##≈≈≈##@(.K≈#...(.......
..###..#≈#≈≈.≈≈#.PP;≈###(#.......
####...#≈#≈.÷..#≈P..≈# #..#......
...#..##≈#...≈.#...(.####........
##.....#≈#PP..P#...(.#...#.###.##
...##..#.#.....##..(####.#.##..##
#####..#.#.....#####..##....#(###
#..#.##..'##≈≈...##.)..((>..#
#..##≈####..≈#########.......


You could see a big kobold and 2 electric eels.

Vanquished Creatures
  Sonja (D:10)
  Joseph (D:8)
  Grinder (D:6)
  2 trolls
  2 hippogriffs
  A wyvern (D:8)
  A wraith (D:10)
  4 yaks (D:10)
  A steam dragon (D:9)
  2 soldier ants (D:8)
  A water moccasin (D:9)
  2 orc warriors
  4 ice beasts
  3 sky beasts
  3 phantoms
  6 ogres
  7 centaurs
  2 big kobolds
  A gnoll sergeant (D:8)
  Blork the orc (D:4)
  5 bullfrogs
  2 scorpions
  12 killer bees
  5 wights (D:6)
  5 electric eels (D:10)
  5 crimson imps
  A centaur zombie (D:7)
  A quasit (D:8)
  5 orc priests
  A centaur skeleton (D:10)
  6 hounds
  2 jellies
  A bullfrog skeleton (D:6)
  A gnoll shaman (D:5)
  An iguana (D:6)
  8 orc wizards
  6 worker ants
  A hound skeleton (D:10)
  16 gnolls
  A howler monkey skeleton (D:4)
  10 adders
  A shadow imp (D:10)
  3 oozes
  An adder zombie (D:5)
  An adder skeleton (D:9)
  2 worms
  4 dart slugs
  5 leopard geckos
  30 orcs
  3 ball pythons
  4 giant cockroaches
  6 goblins
  6 hobgoblins
  14 jackals
  5 quokkas
  10 bats
  2 frilled lizards
  20 kobolds
  A leopard gecko skeleton (D:3)
  13 rats
272 creatures vanquished.

Vanquished Creatures (others)
  A plant (D:10)
1 creature vanquished.

Grand Total: 273 creatures vanquished

Notes
Turn   | Place    | Note
-------+----------+-------------------------------------------
     0 | D:1      | sankara the Minotaur Gladiator began the quest for the Orb.
     0 | D:1      | Reached XP level 1. HP: 18/18 MP: 0/0
   244 | D:1      | Reached skill level 4 in Staves
   259 | D:1      | Reached XP level 2. HP: 25/25 MP: 1/1
   408 | D:1      | Reached XP level 3. HP: 22/31 MP: 2/2
  1396 | D:2      | Reached skill level 5 in Staves
  1512 | D:2      | Reached XP level 4. HP: 35/40 MP: 3/3
  2183 | D:3      | Found a sacrificial altar of Ru.
  2610 | D:3      | Noticed a sky beast
  2611 | D:3      | Gained mutation: You have sharp toenails. [potion of mutation]
  2611 | D:3      | Gained mutation: You are resistant to hostile enchantments. (MR+) [potion of mutation]
  2630 | D:3      | Killed a sky beast
  2630 | D:3      | Reached skill level 6 in Staves
  2630 | D:3      | Reached XP level 5. HP: 32/47 MP: 4/4
  2879 | D:4      | Reached skill level 5 in Fighting
  2879 | D:4      | Reached skill level 7 in Staves
  2879 | D:4      | Reached XP level 6. HP: 40/56 MP: 5/5
  2881 | D:4      | Noticed Blork the orc
  2978 | D:4      | Killed Blork the orc
  3526 | D:4      | Reached skill level 8 in Staves
  3526 | D:4      | Reached XP level 7. HP: 28/62 MP: 6/6
  3951 | D:5      | Entered Level 5 of the Dungeon
  4076 | D:5      | Found a glowing silver altar of Zin.
  4076 | D:5      | Found a shimmering altar of Xom.
  4076 | D:5      | Noticed an angel
  4095 | D:5      | Found a staircase to the Ecumenical Temple.
  4115 | Temple   | Entered the Ecumenical Temple
  4233 | Temple   | Became a worshipper of Warmaster Okawaru
  4374 | D:5      | Found a snail-covered altar of Cheibriados.
  4475 | D:5      | Reached skill level 9 in Staves
  4887 | D:5      | Found Piudarra's Quality Used Wands.
  4950 | D:6      | Reached XP level 8. HP: 68/71 MP: 7/7
  4952 | D:6      | Found Qopou's Distillery.
  4961 | D:6      | Reached skill level 10 in Staves
  4967 | D:6      | Bought a potion of might for 56 gold pieces
  5042 | D:6      | Reached * piety under Okawaru
  5505 | D:6      | Reached skill level 11 in Staves
  5626 | D:6      | Reached skill level 1 in Armour
  5663 | D:6      | Noticed Grinder
  5675 | D:6      | Killed Grinder
  5675 | D:6      | Reached ** piety under Okawaru
  5846 | D:6      | Reached XP level 9. HP: 67/81 MP: 8/8
  6255 | D:7      | Reached skill level 12 in Staves
  6441 | D:7      | Found a deep blue altar of Sif Muna.
  6467 | D:7      | Got a pair of fine boots
  6487 | D:7      | Identified the +1 pair of boots of the Farrier {rPois Str+5 Stlth-} (You found it on level 7 of the Dungeon)
  6577 | D:7      | Found Zyotut's Weapon Emporium.
  7092 | D:8      | Reached skill level 5 in Dodging
  7113 | D:8      | Reached *** piety under Okawaru
  7239 | D:8      | Reached XP level 10. HP: 80/91 MP: 9/9
  7252 | D:8      | Found a bloodstained altar of Trog.
  7281 | D:8      | Noticed Joseph
  7303 | D:8      | Killed Joseph
  7303 | D:8      | Reached skill level 13 in Staves
  7303 | D:8      | Reached skill level 5 in Armour
  7870 | D:9      | Reached **** piety under Okawaru
  8043 | D:9      | Found a shadowy altar of Dithmenos.
  8092 | D:9      | Found a hide-covered altar of Uskayaw.
  8092 | D:9      | Found a shattered altar of Ashenzari.
  8119 | D:9      | Reached skill level 10 in Fighting
  8213 | D:10     | Entered Level 10 of the Dungeon
  8223 | D:10     | Received a gift from Okawaru
  8336 | D:10     | Noticed Sonja
  8965 | D:10     | Reached skill level 14 in Staves
  8996 | D:10     | Killed Sonja
  8996 | D:10     | Reached ***** piety under Okawaru
  8996 | D:10     | Received a gift from Okawaru
  9325 | D:10     | Reached XP level 11. HP: 99/101 MP: 10/10
  9665 | D:10     | Reached skill level 1 in Invocations
  9952 | D:10     | HP: 4/101 [electric eel/bolt of electricity (14)]
  9954 | D:10     | HP: 1/101 [electric eel/bolt of electricity (11)]
  9956 | D:10     | Killed from afar by an electric eel

Skill      XL: |  1  2  3  4  5  6  7  8  9 10 11 |
---------------+----------------------------------+-----
Staves         | 4 5 6 7 8 9 11 12 14 | 14.2
Fighting       | 3 4 5 6 8 9 10 | 10.8
Armour         | 2 4 6 7 |  7.1
Dodging        | 4 5 6 7 |  7.2
Invocations    | 1 |  1.2
Throwing       | |  2.0

Action                   |  1- 3 |  4- 6 |  7- 9 | 10-12 || total
-------------------------+-------+-------+-------+-------++-------
Melee: Quarterstaff      |    66 |   135 |   301 |   230 ||   732
       Headbutt          |     8 |    25 |    85 |    52 ||   170
       Kick              |       |    35 |    87 |       ||   122
Invok: Heroism           |       |       |       |     1 ||     1
  Use: Potion            |       |     6 |     2 |     3 ||    11
       Scroll            |       |       |     2 |       ||     2
  Eat: Chunk             |     2 |     6 |    12 |     9 ||    29
Armor: Leather armour    |    14 |       |       |       ||    14
       Scale mail        |     4 |     8 |       |       ||    12
       Chain mail        |       |    61 |    81 |       ||   142
       Plate armour      |       |       |    62 |   138 ||   200
Dodge: Dodged            |    51 |    44 |   138 |   118 ||   351
